 Dungeon Crawl Stone Soup version 0.19.4-8-ga85b6b9 (webtiles) character file.

989 Jm2c the Shield-Bearer (level 8, -25/68 HPs)
             Began as a Hill Orc Fighter on Feb 13, 2017.
             Was a Follower of Beogh.
             Annihilated by a white ugly thing (26 damage)
             ... on level 5 of the Dungeon.
             The game lasted 00:40:11 (4748 turns).

Jm2c the Shield-Bearer (Hill Orc Fighter)           Turns: 4748, Time: 00:40:15

Health: -25/68     AC: 15    Str: 26    XL:     8   Next: 18%
Magic:  11/11      EV:  6    Int:  8    God:    Beogh [*.....]
Gold:   287        SH: 10    Dex: 10    Spells: 0 memorised, 7 levels left

rFire  . . .     SeeInvis .     a - +1 war axe
rCold  . . .     Gourm    .     i - +1 chain mail
rNeg   . . .     Faith    .     c - +0 shield
rPois  .         Spirit   .     o - +0 helmet
rElec  .         Reflect  .     (no cloak)
rCorr  .         Harm     .     g - +2 pair of gloves
MR     .....                    (no boots)
Stlth  ..........               (no amulet)
                                (no ring)
                                (no ring)

@: mighty
A: no striking features
a: Renounce Religion


You were on level 5 of the Dungeon.
You worshipped Beogh.
Beogh was aware of your devotion.
You were not hungry.

You visited 1 branch of the dungeon, and saw 8 of its levels.

You collected 287 gold pieces.

Inventory:

Hand Weapons
 a - a +1 war axe (weapon)
 b - a +1 hunting sling of freezing
Missiles
 f - 38 sling bullets
 h - 141 stones
 A - 5 javelins (quivered)
Armour
 c - a +0 shield (worn)
 g - a +2 pair of gloves (worn)
 i - a +1 chain mail (worn)
 o - a +0 helmet (worn)
Jewellery
 y - an uncursed ring of flight {unknown}
Wands
 s - a wand of heal wounds (2/9)
 w - a wand of digging (1/24)
 x - a wand of iceblast (7/15)
Scrolls
 m - 4 scrolls of remove curse
 n - a scroll of identify {unknown}
 r - a scroll of teleportation {unknown}
Potions
 d - a potion of might
 e - 4 potions of degeneration {unknown}
 j - a potion of flight {unknown}
 k - a potion of invisibility {unknown}
 l - 3 potions of curing {unknown}
 p - 2 potions of cure mutation {unknown}
 q - a potion of agility {unknown}
 t - a potion of heal wounds {unknown}
Comestibles
 u - a beef jerky
 v - 6 bread rations
 z - a chunk of flesh


   Skills:
 - Level 5.0 Fighting
 - Level 5.4 Axes
 - Level 2.1(2.8) Slings
 - Level 2.7(3.1) Throwing
 + Level 5.2 Armour
 - Level 0.1 Dodging
 + Level 5.6 Shields
 - Level 4.1 Invocations


You had 7 spell levels left.
You didn't know any spells.

Dungeon Overview and Level Annotations

Branches:
Dungeon (8/15)             Temple (0/1) D:4
   Lair: D:8-11

Altars:


Message History

The white ugly thing is heavily wounded.
The white ugly thing gores you but does no damage.
You block the white ugly thing's attack.
You hit the white ugly thing.
The white ugly thing is heavily wounded.
The white ugly thing gores you but does no damage.
You barely miss the white ugly thing.
The white ugly thing is heavily wounded.
The white ugly thing barely misses you.
You closely miss the white ugly thing.
The white ugly thing is moderately wounded.
The white ugly thing gores you. The white ugly thing freezes you!!
You slash the white ugly thing!
The white ugly thing is severely wounded.
The white ugly thing gores you. The white ugly thing freezes you!!
* * * LOW HITPOINT WARNING * * *
The white ugly thing gores you.
* * * LOW HITPOINT WARNING * * *
The white ugly thing freezes you!!
You die...

#....##
##..............##
##..##
#...#............#
#....#
##.####............
##.##.###.##
#.......###...
##.####...##
##......## ##.#
##.## #...#
##..#...## #.#
##.##
##...###.###..##
#.# ##.##
##........##...#
#.# ##.##
#..##..@.##..###
##.. #..#
##.####.u<...##
######... #..# #.##
#.....## ##........
#..## #.##
##.....###..#####..
##..## #..#
#...#.....## #..
##..###..#
##.##############..
## ##..##..####...#
##..>..... .#
##............##
#......... .##
##........###.##
#.########


You could see a white ugly thing.

Vanquished Creatures
  A sky beast (D:5)
  A black bear (D:6)
  An ogre (D:5)
  2 scorpions
  The ghost of tryingrandom the Chopper, a weakling MiBe of Trog (D:3)
  A howler monkey (D:5)
  A bullfrog zombie (D:5)
  2 hounds (D:5)
  2 orc priests (D:4)
  An orc wizard (D:4)
  A bullfrog skeleton (D:5)
  2 iguanas
  A worker ant (D:4)
  A worker ant zombie (D:5)
  Robin (D:2)
  A howler monkey skeleton (D:4)
  10 adders
  2 shadow imps
  2 oozes
  A dart slug (D:1)
  4 leopard geckos
  10 orcs
  A ball python (D:4)
  5 giant cockroaches
  11 goblins
  10 hobgoblins
  15 jackals
  5 kobolds
  2 quokkas
  6 bats
  3 frilled lizards
  A giant cockroach zombie (D:5)
  A jackal skeleton (D:8)
  A leopard gecko skeleton (D:5)
  A quokka skeleton (D:4)
  2 rats (D:1)
113 creatures vanquished.

Vanquished Creatures (others)
  An orc priest (D:3)
  An orc (D:3)
2 creatures vanquished.

Grand Total: 115 creatures vanquished

Notes
Turn   | Place    | Note
-------+----------+-------------------------------------------
     0 | D:1      | Jm2c the Hill Orc Fighter began the quest for the Orb.
     0 | D:1      | Reached XP level 1. HP: 19/19 MP: 1/1
   136 | D:1      | Reached XP level 2. HP: 25/27 MP: 2/2
   480 | D:1      | Reached XP level 3. HP: 28/33 MP: 3/3
   852 | D:2      | Noticed Robin
   869 | D:2      | Killed Robin
   869 | D:2      | Reached XP level 4. HP: 24/41 MP: 4/4
  1060 | D:2      | Reached skill level 5 in Fighting
  1892 | D:3      | Became a worshipper of Beogh the Brigand
  1895 | D:3      | Noticed tryingrandom's ghost (weakling MiBe)
  1936 | D:3      | Killed tryingrandom's ghost
  1936 | D:3      | Reached skill level 1 in Throwing
  1936 | D:3      | Reached XP level 5. HP: 47/48 MP: 5/5
  2160 | D:4      | Reached skill level 1 in Slings
  2457 | D:4      | Found a staircase to the Ecumenical Temple.
  2778 | D:4      | Reached skill level 5 in Axes
  2904 | D:4      | Reached XP level 6. HP: 56/56 MP: 6/6
  3065 | D:4      | Reached * piety under Beogh
  3317 | D:5      | Entered Level 5 of the Dungeon
  3447 | D:5      | Reached skill level 1 in Invocations
  3475 | D:5      | Reached XP level 7. HP: 48/61 MP: 8/8
  3941 | D:5      | Reached skill level 5 in Shields
  4115 | D:5      | You fall through a shaft for 3 floors!
  4141 | D:8      | Noticed a hippogriff
  4245 | D:6      | Reached skill level 5 in Armour
  4245 | D:6      | Reached XP level 8. HP: 64/68 MP: 9/11
  4394 | D:6      | Noticed a white ugly thing
  4748 | D:5      | HP: 1/68 [white ugly thing (6)]
  4748 | D:5      | Annihilated by a white ugly thing

Skill      XL: |  1  2  3  4  5  6  7 |
---------------+----------------------+-----
Axes           | 3 4 5 |  5.4
Fighting       | 4 5 |  5.0
Throwing       | 1 2 |  2.7
Slings         | 1 2 |  2.1
Invocations    | 1 4 |  4.1
Shields        | 4 5 |  5.6
Armour         | 5 |  5.2
Dodging        | |  0.1

Action                   |  1- 3 |  4- 6 |  7- 9 || total
-------------------------+-------+-------+-------++-------
Melee: War axe           |    99 |   133 |   111 ||   343
 Fire: Hunting sling     |       |   101 |    30 ||   131
Throw: Stone             |     5 |       |     1 ||     6
Invok: Convert to Beogh  |       |     1 |       ||     1
  Use: Scroll            |     4 |     4 |     3 ||    11
       Potion            |       |       |     1 ||     1
  Eat: Chunk             |       |     3 |       ||     3
       Bread ration      |       |     1 |       ||     1
       Meat ration       |       |     1 |       ||     1
Armor: Scale mail        |    46 |       |       ||    46
       Chain mail        |    19 |    86 |    58 ||   163
Dodge: Dodged            |    43 |    31 |    22 ||    96
Block: Shield            |    59 |    78 |    49 ||   186
